 Dungeon Crawl Stone Soup version 0.18-a0-775-g4d9e04e (webtiles) character file.

1013 Duffy the Firebug (level 8, 57/57 HPs)
             Began as a Hill Orc Fire Elementalist on Dec 14, 2015.
             Quit the game in the Ecumenical Temple.
             The game lasted 00:09:12 (7112 turns).

Duffy the Firebug (Hill Orc Fire Elementalist)      Turns: 7112, Time: 00:09:13

Health: 57/57      AC:  3    Str: 16    XL:     8   Next: 21%
Magic:  11/11      EV: 12    Int: 15    God:
Gold:   374        SH:  0    Dex: 11    Spells: 3 memorised, 4 levels left

rFire  + . .     SeeInvis .     t - +2 dagger (venom)
rCold  x . .     Clarity  .     F - +1 robe of Conscience {Str+5 Dex-2 Slay+5} (curse)
rNeg   . . .     SustAt   .     (no shield)
rPois  .         Gourm    .     (no helmet)
rElec  .         Spirit   .     (no cloak)
rCorr  .         Dismiss  .     (no gloves)
rMut   .         Stasis   .     (no boots)
MR     .....                    (no amulet)
Stlth  ++........               (no ring)
                                z - ring of fire

@: not resistant to hostile enchantments, unstealthy
A: no striking features
a: no special abilities


You were in the Ecumenical Temple.
You were hungry.

You visited 2 branches of the dungeon, and saw 6 of its levels.

You collected 374 gold pieces.


   Skills:
 - Level 1.5 Dodging
 - Level 1.5 Stealth
 - Level 2.5 Spellcasting
 + Level 6.5 Conjurations
 + Level 7.3 Fire Magic


You had 4 spell levels left.
You knew the following spells:

 Your Spells              Type           Power        Failure   Level  Hunger
a - Flame Tongue          Conj/Fire      ####.        1%          1    #......
j - Sticky Flame          Conj/Fire      ####....     14%         4    #####..
l - Conjure Flame         Conj/Fire      ####....     3%          3    ###....

Inventory:

Hand Weapons
 t - a +2 dagger of venom (weapon)
 D - a +0 hand axe
Missiles
 l - 17 poisoned needles
Armour
 a - a +0 robe
 k - the cursed +1 ice dragon armour of Virtue {rF- rC++ Dex+3}

   It affects your dexterity (+3).
   It makes you vulnerable to fire.
   It greatly protects you from cold.
   It has a curse placed upon it.
 v - a cursed +0 leather armour
 F - the cursed +1 robe of Conscience (worn) {Str+5 Dex-2 Slay+5}

   It affects your strength (+5).
   It affects your dexterity (-2).
   It affects your accuracy and damage with ranged weapons and melee attacks
   (+5).
   It has a curse placed upon it.
Jewellery
 z - a ring of fire (left hand)
Scrolls
 d - 2 scrolls of recharging {unknown}
 e - 5 scrolls of identify
 j - 2 scrolls of amnesia {unknown}
 m - a scroll of enchant armour {unknown}
 o - 3 scrolls of remove curse {unknown}
 p - 2 scrolls of teleportation {unknown}
 q - a scroll of fog {unknown}
 r - a scroll of magic mapping {unknown}
 y - a scroll of noise {unknown}
 A - a scroll of random uselessness {unknown}
Potions
 g - a potion of haste {unknown}
 h - 2 potions of degeneration {unknown}
 i - 5 potions of curing {unknown}
 n - a potion of beneficial mutation {unknown}
 s - a potion of ambrosia {unknown}
 u - a potion of berserk rage {unknown}
 w - a potion of magic {unknown}
 x - a potion of might {unknown}
Books
 b - a book of Flames
 E - a Young Poisoner's Handbook
Comestibles
 c - 3 bread rations
 f - 2 royal jellies
 B - a meat ration

Dungeon Overview and Level Annotations

Branches:
Dungeon (5/15)             Temple (1/1) D:5

Altars:
Ashenzari
Dithmenos
Fedhas
Gozag
Kikubaaqudgha
Makhleb
Nemelex Xobeh
Okawaru
Pakellas
Qazlal
Ru
Sif Muna
Trog
Vehumet
Xom
Zin
The Shining One


Message History

Done exploring.
Done exploring.
Done exploring.
Done exploring.
Done exploring.
Done exploring.
Done exploring.
Done exploring.
(D) Dungeon (T) Temple
Where to? (* - list waypoints, Enter - D:5, ? - help)
There is a stormy altar of Qazlal here.
There is an open gate here.
There is a staircase back to the Dungeon here.
You climb upwards.
Welcome back to the Dungeon!
There is a staircase to the Ecumenical Temple here.
You climb downwards.
Welcome to the Ecumenical Temple!
There is a staircase back to the Dungeon here.
Wear which item? (? for menu, Esc to quit)
You start removing your armour.
You continue taking off your +0 robe.
You continue taking off your +0 robe. x3
You finish taking off your +0 robe.
You start putting on your armour.
You continue putting on your fabulously ornate robe. x5
You finish putting on the cursed +1 robe of Conscience {Str+5 Dex-2 Slay+5}.
Oops, that feels deathly cold.
Read which item? (? for menu, Esc to quit)
As you read the scroll labeled XUWAGAZUILL, it crumbles to dust.
It is a scroll of identify.
Identify which item? (\ to view known items) (? for menu, Esc to quit)
k - the cursed +1 ice dragon armour of Virtue {rF- rC++ Dex+3} Read which item? (? for menu, Esc to quit)
Identify which item? (\ to view known items) (? for menu, Esc to quit)
As you read the scroll of identify, it crumbles to dust.
v - a cursed +0 leather armour Are you sure you want to abandon this character and quit the game? (Confirm with "yes".)

##################
#...8..8..8..8..8.
#.................
#@................
#.................
#...8..8..8..8..8.
##################


There were no monsters in sight!

Action                   |  1- 3 |  4- 6 |  7- 9 || total
-------------------------+-------+-------+-------++-------
Melee: Dagger            |       |     8 |    22 ||    30
 Cast: Flame Tongue      |    72 |   126 |    78 ||   276
       Conjure Flame     |       |     1 |       ||     1
       Sticky Flame      |       |     1 |     3 ||     4
  Use: Scroll            |       |       |     2 ||     2
  Eat: Chunk             |     4 |    10 |     4 ||    18
       Fruit             |       |       |     2 ||     2
       Pizza             |       |       |     2 ||     2

Notes
Turn   | Place    | Note
--------------------------------------------------------------
     0 | D:1      | Duffy the Hill Orc Fire Elementalist began the quest for the Orb.
     0 | D:1      | Reached XP level 1. HP: 14/14 MP: 3/3
   197 | D:1      | Reached XP level 2. HP: 20/20 MP: 1/4
   554 | D:1      | Reached skill level 2 in Spellcasting
   893 | D:1      | Reached skill level 2 in Conjurations
   938 | D:1      | Reached XP level 3. HP: 26/26 MP: 4/6
  1270 | D:2      | Learned a level 3 spell: Conjure Flame
  2119 | D:2      | Reached XP level 4. HP: 26/33 MP: 0/7
  2216 | D:2      | Reached skill level 3 in Conjurations
  2634 | D:2      | Learned a level 4 spell: Sticky Flame
  2859 | D:3      | Reached XP level 5. HP: 38/38 MP: 3/8
  2978 | D:3      | Found a sacrificial altar of Ru.
  3308 | D:3      | Reached skill level 4 in Fire Magic
  3531 | D:3      | Reached skill level 4 in Conjurations
  3691 | D:3      | Found a sparkling altar of Nemelex Xobeh.
  3691 | D:3      | Found an iron altar of Okawaru.
  4250 | D:4      | Reached XP level 6. HP: 36/45 MP: 1/9
  4324 | D:4      | Found a glowing silver altar of Zin.
  4374 | D:4      | Found a glowing golden altar of the Shining One.
  4430 | D:4      | Found a glowing golden altar of the Shining One.
  4686 | D:4      | Reached skill level 5 in Fire Magic
  4905 | D:4      | Reached skill level 5 in Conjurations
  4905 | D:4      | Reached XP level 7. HP: 28/50 MP: 0/10
  5335 | D:4      | Reached skill level 6 in Fire Magic
  5497 | D:4      | Found a shattered altar of Ashenzari.
  5705 | D:4      | Found an opulent altar of Gozag.
  5885 | D:5      | Entered Level 5 of the Dungeon
  6118 | D:5      | Reached skill level 6 in Conjurations
  6366 | D:5      | Found an ancient bone altar of Kikubaaqudgha.
  6443 | D:5      | Reached XP level 8. HP: 53/57 MP: 3/11
  6570 | D:5      | Found a shadowy altar of Dithmenos.
  6575 | D:5      | Got a pitted ice dragon armour
  6588 | D:5      | Reached skill level 7 in Fire Magic
  6909 | D:5      | Got a fabulously ornate robe
  7005 | D:5      | Found a staircase to the Ecumenical Temple.
  7022 | Temple   | Entered the Ecumenical Temple
  7110 | Temple   | Identified the cursed +1 robe of Conscience {Str+5 Dex-2 Slay+5} (You found it on level 5 of the Dungeon)
  7110 | Temple   | Identified the cursed +1 ice dragon armour of Virtue {rF- rC++ Dex+3} (You found it on level 5 of the Dungeon)
  7112 | Temple   | Quit the game

Vault maps used:
D:1:      dpeg_arrival_arbitrary_b, nrook_mini_backslash, st_stairs_11
D:2:      serial_co_window_serial, co_window_corner_a, co_window_paths_b,
          co_window_paths_a, co_window_paths_b, co_window_corner_a,
          co_window_corner_cb, co_window_2corner, co_window_of_opportunity_b,
          co_window_unsneaky_path_d, glass_columns_a, glass_columns_a,
          glass_columns_b, glass_columns_b, glass_columns_c
D:3:      gammafunk_temple_overflow_statue, lemuel_coloured_pillars_altar,
          first_bread, st_stairs_6
D:4:      lemuel_doored_altar, lemuel_crystal_altar,
          nicolae_overflow_hidden_temple, tso_metal_star
D:5:      kennysheep_ying_yang, nicolae_dithmenos_shadow_blocks,
          cheibriados_altar_wand_db, marbit_many_paths,
          minmay_temple_entry_statues
Temple:   cyrus_temple_forest_13

Vanquished Creatures
  2 phantoms
  2 ogres
  A scorpion
  2 crimson imps
  A hound
  A quasit
  2 orc priests
  4 orc wizards
  2 iguanas
  3 worker ants
  10 adders
  4 oozes
  2 worms
  13 orcs
  A ball python
  9 bats
  3 giant cockroaches
  8 hobgoblins
  4 jackals
  6 quokkas
  A ball python zombie
  4 giant geckos
  6 giant newts
  9 goblins
  10 kobolds
  4 quokka skeletons
  5 rats
119 creatures vanquished.
